AoeStats
← 騷護士

Arena

510089383Analyzed
4v4 RM · 3d ago on Sep 29, 2026· 49m 34s· 8 players
Game mode
Random Map
Map size
Large (8 player)
Population
200
Speed
Normal
Resources
Standard
Victory
Conquest
Starting age
Dark Age
Ending age
Imperial Age
RankedLock teamsTeams togetherTeam positionsShared explorationLock speedFull tech treeHidden civsTurbo modeCheats
Victory
Defeat
🇨🇳 Jurchens · China
1575
+11
🇹🇼 Danes · Taiwan
1572
+11
🇯🇵 Malay · Japan
1517
+13
🇦🇺 Hindustanis · Australia
1457
+15
🇪🇸 Franks · Spain
1542
-17
1470
-13
🇦🇷 Persians · Argentina
1444
-12
🇨🇳 Koreans · China
1340
-8
Songoku
11:56 Feudal Age
12:09 Double-Bit Axe
15:12 Castle Age
13:14 Horse Collar
15:13 Bow Saw
17:05 Heavy Plow
19:23 Wheelbarrow
19:18 Loom
19:31 Town Watch
22:19 Hand Cart
27:03 Imperial Age
24:12 Crossbowman
25:22 Fletching
25:25 Gold Mining
26:03 Bodkin Arrow
27:40 Chemistry
27:26 Bracer
28:34 Ballistics
28:36 Padded Archer Armor
29:12 Conscription
29:42 Gold Shaft Mining
29:18 Arbalester
31:03 Treadmill Crane
31:36 Masonry
32:37 Thumb Ring
32:40 Treadmill Crane
33:52 Squires
33:18 Pikeman
34:33 Forging
34:44 Halberdier
37:22 Coinage
38:45 Caravan
40:09 Elite Skirmisher
40:21 Elite Skirmisher
42:02 Murder Holes
42:33 Bombard Tower
騷護士
8:53 Feudal Age
7:09 Loom
14:15 Castle Age
13:12 Double-Bit Axe
14:54 Wheelbarrow
18:34 Scale Mail Armor
33:09 Horse Collar
36:57 Hand Cart
36:46 Heavy Plow
37:00 Bow Saw
39:44 Imperial Age
39:09 Chain Mail Armor
38:55 Gold Mining
38:56 Stone Mining
39:22 Arson
39:37 Squires
39:23 Gambesons
40:44 Stone Shaft Mining
40:45 Gold Shaft Mining
39:53 Elite Varangian Guard
41:53 Plate Mail Armor
41:30 Hamask
43:34 Pikeman
45:26 Elite Jomsviking
45:49 Halberdier
48:14 Coinage
49:25 Banking
NØRTHLANE
10:24 Feudal Age
12:12 Double-Bit Axe
14:44 Castle Age
12:28 Horse Collar
15:56 Bow Saw
15:46 Heavy Plow
15:39 Fletching
16:39 Loom
21:43 Gold Mining
24:35 Wheelbarrow
25:52 Hand Cart
29:20 Imperial Age
26:39 Town Watch
27:16 Husbandry
27:27 Bloodlines
28:03 Gold Shaft Mining
28:47 Fortified Wall
28:33 Murder Holes
29:29 Heavy Camel Rider
32:16 Two-Man Saw
31:33 Bodkin Arrow
31:44 Scale Barding Armor
32:24 Bodkin Arrow
32:53 Chain Barding Armor
33:09 Conscription
33:11 Bracer
33:25 Forging
34:04 Padded Archer Armor
34:42 Plate Barding Armor
33:36 Imperial Camel Rider
34:32 Thumb Ring
33:48 Elite Skirmisher
34:52 Ballistics
35:32 Chemistry
35:05 Masonry
35:03 Grand Trunk Road
37:32 Iron Casting
37:12 Leather Archer Armor
37:43 Hoardings
40:00 Ring Archer Armor
40:31 Blast Furnace
41:28 Shatagni
41:39 Stone Mining
43:21 Guard Tower
43:37 Siege Engineers
白心悠哉
10:36 Feudal Age
10:46 Loom
14:41 Castle Age
12:29 Double-Bit Axe
13:15 Horse Collar
24:52 Town Watch
26:14 Wheelbarrow
27:20 Bow Saw
28:50 Hand Cart
30:23 Treadmill Crane
31:30 Fortified Wall
31:36 Heavy Plow
35:51 Imperial Age
33:45 Fletching
33:57 Padded Archer Armor
34:20 Ballistics
35:24 Leather Archer Armor
35:29 Gold Mining
36:09 Fortified Bastions
37:06 Ring Archer Armor
36:45 Siege Engineers
38:17 Thunderclap Bombs
38:56 Conscription
39:33 Scale Barding Armor
39:39 Forging
41:11 Chemistry
40:50 Hoardings
40:26 Masonry
39:50 Elite Skirmisher
39:51 Elite Skirmisher
40:22 Fletching
41:34 Chain Barding Armor
41:40 Guard Tower
41:37 Arrowslits
41:49 Murder Holes
41:45 Guard Tower
42:27 Bodkin Arrow
43:08 Plate Barding Armor
42:08 Light Cavalry
42:58 Bloodlines
42:49 Husbandry
43:50 Architecture
43:58 Keep
45:10 Iron Casting
44:37 Bracer
44:45 Hussar
47:08 Two-Man Saw
46:41 Stone Mining
47:26 Gold Shaft Mining
48:04 Squires
48:28 Elite Fire Lancer
48:57 Arson
49:15 Scale Mail Armor
50:57 Blast Furnace
50:14 Chain Mail Armor
Nobody
11:10 Feudal Age
12:16 Double-Bit Axe
15:15 Castle Age
16:18 Bow Saw
17:27 Wheelbarrow
21:21 Loom
22:51 Town Watch
24:52 Hand Cart
28:35 Imperial Age
26:53 Husbandry
27:01 Scale Barding Armor
27:07 Forging
27:34 Gold Mining
27:36 Stone Mining
28:44 Fortified Wall
28:02 Light Cavalry
29:43 Chain Barding Armor
30:00 Iron Casting
29:29 Fletching
30:01 Ballistics
29:15 Ordonnance Companies
29:47 Cavalier
30:32 Cranequins
31:53 Scale Mail Armor
31:55 Squires
31:16 Pikeman
33:16 Chain Mail Armor
34:05 Blast Furnace
33:32 Bodkin Arrow
34:39 Chemistry
33:06 Capped Ram
33:48 Arson
34:35 Plate Mail Armor
34:07 Padded Archer Armor
34:18 Masonry
35:17 Plate Barding Armor
34:49 Caravan
35:12 Conscription
36:07 Halberdier
37:23 Leather Archer Armor
36:32 Heavy Mounted Crossbowman
39:28 Architecture
40:58 Gold Shaft Mining
40:01 Paladin
42:28 Elite Skirmisher
49:49 Hoardings
男高抗压位
6:23 Loom
9:05 Feudal Age
12:10 Fletching
19:33 Castle Age
18:17 Double-Bit Axe
19:10 Horse Collar
21:11 Bodkin Arrow
33:37 Imperial Age
31:12 Heavy Plow
32:44 Wheelbarrow
32:21 Bow Saw
34:41 Crossbowman
35:53 Bracer
37:40 Two-Man Saw
37:39 Arbalester
38:55 Hand Cart
39:47 Gold Mining
41:15 Ballistics
41:05 Thumb Ring
44:13 Chemistry
43:26 Masonry
43:32 Eupseong
46:38 Architecture
47:29 Elite Skirmisher
49:48 Arrowslits
三十分钟后没有我
11:17 Feudal Age
15:05 Castle Age
13:59 Horse Collar
14:18 Double-Bit Axe
18:15 Loom
22:15 Scale Barding Armor
23:22 Forging
29:50 Wheelbarrow
29:27 Bow Saw
30:32 Chain Barding Armor
30:47 Iron Casting
30:20 Town Watch
31:14 Heavy Plow
31:06 Gold Mining
34:57 Imperial Age
34:15 Hand Cart
34:24 Bloodlines
34:55 Husbandry
35:28 Cavalier
38:03 Crop Rotation
38:35 Two-Man Saw
38:03 Stone Mining
37:40 Savar
40:29 Plate Barding Armor
40:55 Blast Furnace
40:55 Scale Mail Armor
42:45 Conscription
43:26 Citadels
46:14 Murder Holes
前三十分钟没有我
8:45 Loom
10:32 Feudal Age
14:25 Castle Age
12:30 Double-Bit Axe
12:26 Horse Collar
15:31 Bow Saw
18:57 Loom
19:47 Wheelbarrow
25:48 Imperial Age
24:04 Hand Cart
23:34 Town Watch
24:31 Fletching
24:42 Padded Archer Armor
25:07 Bodkin Arrow
26:59 Conscription
27:32 Town Watch
28:13 Guilds
28:29 Padded Archer Armor
28:36 Gold Mining
28:37 Stone Mining
29:15 Bracer
29:31 Leather Archer Armor
29:39 Ballistics
31:35 Chemistry
33:03 Hoardings
33:12 Hoardings
37:53 Elite Skirmisher
38:39 Thumb Ring
43:53 Stone Shaft Mining
44:04 Elite Genoese Crossbowman
45:00 Masonry
46:04 Bloodlines
45:55 Husbandry
45:15 Light Cavalry
49:19 Leather Archer Armor
Connection lost

Rejoining the realm…

Still unreachable

The connection could not be restored.

Session expired

The server has moved on; the page needs a fresh start.